 Dungeon Crawl Stone Soup version 0.30.2 (webtiles) character file.

Game seed: 11961332938839464582

14 gamers12 the Stinger (level 2, -1/20 HPs)
             Began as a Draconian Venom Mage on Mar 18, 2024.
             Slain by a worm (6 damage)
             ... on level 1 of the Dungeon.
             The game lasted 00:09:38 (295 turns).

gamers12 the Stinger (Draconian Venom Mage)          Turns: 295, Time: 00:09:38

Health: -1/20      AC:  4    Str: 10    XL:     2   Next: 27%
Magic:  5/5        EV: 12    Int: 15    God:
Gold:   14         SH:  0    Dex: 11    Spells: 4/5 levels left

rFire   . . .        f - +0 hand axe
rCold   . . .        (no shield)
rNeg    . . .        (body armour unavailable)
rPois   .            (helmet restricted)
rElec   .            (no cloak)
rCorr   .            (no gloves)
SInv    .            (no boots)
Will    .....        (no amulet)
Stlth   ++           (no ring)
HPRegen 0.23/turn    (no ring)
MPRegen 0.09/turn

%: no passive effects
@: no status effects
A: AC +4, unfitting armour, cold-blooded
a: no special abilities


You were on level 1 of the Dungeon.
You visited 1 branch of the dungeon, and saw 1 of its levels.

You collected 14 gold pieces.

Inventory:

Hand Weapons
 b - a +0 dagger
 f - a +0 hand axe (weapon)
Missiles
 c - 3 poisoned darts (quivered)
Armour
 e - a +0 leather armour
Potions
 a - a potion of magic
 d - a potion of curing {unknown}


   Skills:
 + Level 0.5 Short Blades
 + Level 1.8 Dodging
 + Level 1.9 Stealth
 + Level 2.0 Spellcasting
 + Level 1.0 Transmutations
 + Level 3.5 Poison Magic


You had 4 spell levels left.
You knew the following spells:

 Your Spells              Type           Power      Damage    Failure   Level
a - Sting                 Tmut/Pois      32%        1d4       9%          1

Your spell library contained the following spells:

 Spells                   Type           Power      Damage    Failure   Level
 Poisonous Vapours        Pois/Air       12%        N/A       16%         2
 Static Discharge         Conj/Air       2%         2-3/arc   32%         2
 Mephitic Cloud           Conj/Pois/Air  5%         N/A       38%         3
 Olgreb's Toxic Radiance  Pois           12%        N/A       45%         4
 Airstrike                Air            0%         2d(1-17)  91%         4
 Summon Lightning Spire   Summ/Air       1%         N/A       91%         4


Dungeon Overview and Level Annotations

Branches:
Dungeon (1/15)

Altars:


Innate Abilities, Weirdness & Mutations

Your plain brown scales are hard. (AC +4)
You cannot fit into any form of body armour.
You are cold-blooded and may be slowed by cold attacks.


Message History

The worm completely misses you.
You barely miss the goblin.
The goblin is moderately wounded.
You barely miss the worm. The goblin closely misses you.
The worm closely misses you. The goblin completely misses you.
You closely miss the goblin.
The goblin is moderately wounded.
You hit the worm. The goblin barely misses you. The worm bites you!
* * * LOW HITPOINT WARNING * * *
You barely miss the goblin.
The goblin is moderately wounded.
You hit the worm. The goblin hits you but does no damage.
The worm closely misses you.
You closely miss the goblin. You tail-slap the goblin.
The goblin is moderately wounded.
You hit the worm. The goblin barely misses you.
You barely miss the goblin.
The goblin is moderately wounded.
You hit the worm but do no damage. The goblin barely misses you.
The worm bites you.
* * * LOW HITPOINT WARNING * * *
The goblin barely misses you.
You hit the goblin.
You kill the goblin!
You hit the worm but do no damage. The worm bites you.
* * * LOW HITPOINT WARNING * * *
Casting: Sting (safe; 9% risk of failure)
Confirm with . or Enter, or press ? or * to list all spells.
You don't know that spell.
Casting: Sting (safe; 9% risk of failure)
Confirm with . or Enter, or press ? or * to list all spells.
You don't know that spell.
Unknown command.
The worm closely misses you.
You hit the worm.
Your tail-slap misses the worm.
The worm is heavily wounded.
You hit the worm.
The worm is heavily wounded.
The worm bites you.
You die...

###### #....#
#..†.# # #####....#
# #........###
########..........'
#......#.....######
#.@w...#.....# #
###....#.....# #
#..).#.....# #
#....'...(.+ #
#....#.....#
.......#.....#
........#.....#
>..#............
...##############


You could see a worm.

Vanquished Creatures
  2 dart slugs (D:1)
  An endoplasm (D:1)
  2 giant cockroaches (D:1)
  A goblin (D:1)
  A hobgoblin (D:1)
  A frilled lizard (D:1)
  A rat (D:1)
9 creatures vanquished.

Notes
Turn   | Place    | Note
-------+----------+-------------------------------------------
     0 | D:1      | gamers12 the Draconian Venom Mage began the quest for the
                  | Orb.
     0 | D:1      | Reached XP level 1. HP: 14/14 MP: 3/3
   187 | D:1      | Reached XP level 2. HP: 20/20 MP: 5/5
   295 | D:1      | Slain by a worm

Illustrated notes

Levels and vault maps discovered:
D:1:      doesnt_arrival_eight_statues, layout_basic, nicolae_wormholes

Action                     || total
---------------------------++-------
  Melee: Dagger            ||    26
         Tailslap          ||     9
         Hand axe          ||    23
 Armour: Skin              ||    19
  Dodge: Dodged            ||    40
